 Dungeon Crawl Stone Soup version 0.29-a0-275-g389c0b56f3 (webtiles) character file.

Game seed: 8256688996113101695

32 spaghetti the Sneak (level 3, 0/67 HPs)
             Began as a Demonspawn Delver on Mar 12, 2022.
             Slain by a sky beast (5 damage)
             ... on level 3 of the Dungeon.
             The game lasted 00:02:29 (1761 turns).

spaghetti the Sneak (Demonspawn Delver)             Turns: 1761, Time: 00:02:30

Health: 0/67       AC: 21    Str: 14    XL:     3   Next: 8%
Magic:  3/3        EV:  2    Int: 11    God:
Gold:   44         SH:  0    Dex: 14    Spells: 2/2 levels left

rFire   . . .      SeeInvis .   a - +0 mace {mace}
rCold   . . .      Faith    .   (no shield)
rNeg    . . .      Spirit   .   (body armour currently unavailable)
rPois   +          Reflect  .   (helmet currently unavailable)
rElec   .          Harm     .   (cloak currently unavailable)
rCorr   .          Rampage  .   (gloves currently unavailable)
Will    .....      NoTele   +   (boots currently unavailable)
Stlth   ..........              (no amulet)
HPRegen 0.21/turn               (no ring)
MPRegen 0.08/turn               (no ring)

@: brilliant, berserking (expiring), tree-form, very quick
A: stationary, stasis, torment immunity, boosted hp, demonic magic 1, (weakness
stinger 1)
a: no special abilities


You were on level 3 of the Dungeon.
You were a tree.
You visited 1 branch of the dungeon, and saw 5 of its levels.

You collected 44 gold pieces.


Innate Abilities, Weirdness & Mutations

You are a tree.
Your roots penetrate the ground, keeping you stationary.
You cannot be teleported.
You are immune to unholy pain and torment.
Your maximum health is greatly increased.
Your equipment is partially melded.
Spells you cast may paralyse adjacent enemies.
((You have a small tail.))


   Skills:
 + Level 4.3 Fighting
 - Level 1.7 Maces & Flails
 - Level 1.7 Dodging
 - Level 4.5 Stealth


You had 2 spell levels left.
You didn't know any spells.
Your spell library was empty.

Inventory:

Hand Weapons
 a - a +0 mace (weapon) {mace}
Missiles
 j - 4 stones (quivered) {throwing}
Armour
 b - a +0 leather armour (melded)
 k - a +0 plate armour
   (You found it on level 3 of the Dungeon)
Wands
 g - a wand of digging (3)
Scrolls
 c - a scroll of fog
 l - a scroll of identify {@r1}
 m - a scroll of amnesia {unknown}
Potions
 f - a potion of haste {@q3}

Dungeon Overview and Level Annotations

Branches:
Dungeon (6/15)
 Temple: D:4-7

Altars:
Zin

Annotations:
D:4 Blork the orc

#.# #.######## #....<...#
#############..#####.#
...........##..# #.#
.########......#####.# .##
#.........##[###### .>#
#......##.........# ..#
#####.>Y♣....####.# ..#
#.######## #.###### .## #.#
#......# .######## ##+##
#.####.# ........# ##...## #.#
#.# .#.####.###.....##
###.####.# .#..###.##.......##
##.#...##.#
.#...##.#.........####....#.##.#
........'....)....'.......#.##.#


You could see a sky beast.


Message History

You barely miss the bat. You tail-slap the bat.
You kill the bat!
A nearby plant withers and dies.
(D) Dungeon
Where to? (Enter - D:2, ? - help)
You open the door.
There is an open door here.
There is a stone staircase leading up here.
There is an open door here.
There is a stone staircase leading down here.
You climb downwards.
Level annotation: Blork the orc
There is a stone staircase leading up here.
There are monsters nearby!
Unknown command.
Unknown command.
Really read
d - a scroll of magic mapping {!r}?
As you read the scroll of magic mapping {!r}, it crumbles to dust.
You feel aware of your surroundings.
You sensed 1 altar.
The gnoll shouts! x2
You climb upwards.
There is a stone staircase leading down here.
There is an open door here.
There is a stone staircase leading down here.
You climb downwards.
Level annotation: Blork the orc
There is a stone staircase leading up here.
A sky beast comes into view.
A sky beast is nearby!
A sky beast is nearby!
A sky beast is nearby!
(D) Dungeon
Where to? (Enter - D:3 @ (x,y), ? - help)
A sky beast is nearby!
You can't go down here!
You can't go down here!
Unknown command.
You see here an amethyst potion.
d - an amethyst potion
There is a stone staircase leading up here.
The sky beast flickers out of sight!
Deactivating autopickup; reactivate with Ctrl-A.
Something hits you. Something shocks you.
You climb upwards.
Reactivating autopickup.
There is a stone staircase leading down here. 😮 HP[-9]
You take 9 damage, and now have 21/30 hp.
MASSIVE DAMAGE!! (PAUSE) Unknown command.
You start resting.
Something hits you. Something shocks you.
* * * LOW HITPOINT WARNING * * *
Deactivating autopickup; reactivate with Ctrl-A. 😨 HP[-6]
You take 6 damage, and now have 15/30 hp.
Something hits you but does no damage. Something hits you.
* * * LOW HITPOINT WARNING * * *
Something shocks you.
* * * LOW HITPOINT WARNING * * *
😨 HP[-7]
You take 7 damage, and now have 8/30 hp.
MASSIVE DAMAGE!! (PAUSE) It was a potion of lignification.
You turn into a tree.
Your +0 leather armour melds into your body.
Your roots penetrate the ground.
Something hits you but does no damage. 😨 HP[+5]
You now have 45 max hp (+15).
You regained 5 hp, and now have 13/45 hp.
Unknown command.
It was a potion of brilliance.
You feel clever all of a sudden. Something hits you but does no damage.
Unknown command.
It was a potion of flight.
Your roots keep you in place.
Something hits you but does no damage.
It was a potion of berserk rage.
A red film seems to cover your vision as you go berserk!
You feel yourself moving faster!
You feel mighty! Something hits you.
* * * LOW HITPOINT WARNING * * *
Something shocks you.
* * * LOW HITPOINT WARNING * * *
You now have 67 max hp (+22).
Unknown command.
You miss something. Something hits you but does no damage.
You miss something. 😱 HP[+1]
You miss something. Something hits you.
* * * LOW HITPOINT WARNING * * *
Something shocks you.
* * * LOW HITPOINT WARNING * * *
😱 HP[-8]
You take 8 damage, and now have 6/67 hp.
You barely miss something.
A sky beast appears from thin air!
Reactivating autopickup.
The sky beast hits you but does no damage.
You closely miss the sky beast. The sky beast hits you.
* * * LOW HITPOINT WARNING * * *
The sky beast shocks you.
You die...

Skill      XL: |  1  2 |
---------------+-------+-----
Fighting       | 4 |  4.3
Maces & Flails | |  1.7
Dodging        | |  1.7
Stealth        | |  4.5

Action                   || total
-------------------------++-------
Melee: Mace              ||    48
       Tailslap          ||     2
  Use: Scroll            ||     4
       Potion            ||     4
 Stab: Sleeping          ||     4
Armor: Leather armour    ||    18
       Skin              ||     5
Dodge: Dodged            ||    36

Levels and vault maps discovered:
D:2:      layout_rooms, serial_curves, eino_curves_02, eino_curves_01,
          uniq_natasha
D:3:      layout_loops_corners, serial_bayou_pond_a, grunt_decor_arrowhead
D:4:      layout_layer_cave, elyvilon_altar_1, minmay_ruptured, uniq_eustachio,
          uniq_blork_the_orc
D:5:      layout_loops_cross, gammafunk_ghost_cemetery,
          chequers_serial_rivers_micro_e, chequers_serial_rivers_room_b,
          minmay_misc_feat_pillars, uniq_pikel
D:6:      layout_cave_pools, kennysheep_mini_moat, uniq_edmund

Notes
Turn   | Place    | Note
-------+----------+-------------------------------------------
     0 | D:5      | spaghetti the Demonspawn Delver began the quest for the
                  | Orb.
     0 | D:5      | Reached XP level 1. HP: 18/18 MP: 1/1
     0 | D:5      | magus.rc [v1.9.6]
    13 | D:6      | Noticed a steam dragon
   319 | D:5      | Noticed an iguana
   323 | D:4      | Noticed a necrophage
   334 | D:4      | Noticed Blork the orc
   358 | D:4      | Noticed an orc wizard
   382 | D:3      | Gained mutation: You have a small tail. [demonic ancestry]
   382 | D:3      | Reached XP level 2. HP: 9/24 MP: 2/2
   999 | D:3      | Reached skill level 4 in Fighting
  1167 | D:3      | HP: 6/25 [ufetubus (3)]
  1169 | D:3      | Gained mutation: Spells you cast may paralyse adjacent
                  | enemies. [demonic ancestry]
  1169 | D:3      | Reached XP level 3. HP: 6/30 MP: 3/3
  1742 | D:4      | Noticed a sky beast
  1756 | D:3      | HP: 13/67 [something (5)]
  1759 | D:3      | HP: 6/67 [something (5)]
  1761 | D:3      | Slain by a sky beast

Vanquished Creatures
  2 ufetubi
  An orc (D:3)
  A ball python (D:3)
  2 endoplasms (D:3)
  A giant cockroach (D:3)
  A hobgoblin (D:3)
  4 jackals (D:3)
  2 kobolds (D:3)
  A quokka (D:3)
  2 bats (D:3)
  A frilled lizard (D:3)
18 creatures vanquished.

Vanquished Creatures (others)
  5 plants (D:3)
5 creatures vanquished.

Grand Total: 23 creatures vanquished

Table legend:
 A = Non-vault XP
 B = Vault XP
 C = Vault XP percentage of total XP
 D = Non-vault monster count
 E = Vault monster count
 F = Vault count percentage of total count
                 A         B        C        D         E       F
            +---------+---------+-------+---------+---------+-------
      Total |      46 |       0 |   0.0 |      18 |       0 |   0.0
            +---------+---------+-------+---------+---------+-------
        D:3 |      38 |       0 |   0.0 |      17 |       0 |   0.0
        D:6 |       8 |       0 |   0.0 |       1 |       0 |   0.0
            +---------+---------+-------+---------+---------+-------

Illustrated notes

Table legend:
 A = Kills in this place as a percentage of kills in entire the game.
 B = Kills by you in this place as a percentage of kills by you in the entire game.
 C = Kills by friends in this place as a percentage of kills by friends in the entire game.
 D = Other kills in this place as a percentage of other kills in the entire game.
 E = Experience gained in this place as a percentage of experience gained in the entire game.
 F = Experience gained in this place divided by the number of levels of this place that you have seen.
                   A       B       C       D       E      F
               +-------+-------+-------+-------+-------+----------------------
         Total | 100.0 | 100.0 |   N/A |   N/A | 100.0 |   9.2
       Dungeon | 100.0 | 100.0 |   N/A |   N/A | 100.0 |   9.2
               +-------+-------+-------+-------+-------+----------------------

Table legend: (Time is in decaauts)
 A = Elapsed time spent in this place.
 B = Non-inter-level travel time spent in this place.
 C = Inter-level travel time spent in this place.
 D = Time resting spent in this place.
 E = Time spent auto-exploring this place.
 F = Levels seen in this place.
 G = Mean time per level.
                   A        B        C        D        E       F      G
               +--------+--------+--------+--------+--------+-----+--------+
         Total |   1776 |   1699 |     77 |    807 |    606 |   5 |  355.2 |
       Dungeon |   1776 |   1699 |     77 |    807 |    606 |   5 |  355.2 |
               +--------+--------+--------+--------+--------+-----+--------+

Top non-repeatable levels by time:
     D:3: 1375 daAuts
     D:5: 181 daAuts
     D:6: 142 daAuts
     D:4: 64 daAuts
     D:2: 11 daAuts
